 Dungeon Crawl Stone Soup version 0.31-a0-145-g046c7d2549 (webtiles) character file.

Game seed: 5287014119070018122

76 qw the Shooter (level 4, 0/38 HPs)
             Began as a Minotaur Hunter on June 7, 2023.
             Slain by Terence
             ... wielding a +0 flail
              (8 damage)
             ... on level 3 of the Dungeon.
             The game lasted 00:00:37 (1836 turns).

qw the Shooter (Minotaur Hunter)                    Turns: 1836, Time: 00:00:37

Health: 0/38       AC:  5    Str: 15    XL:     4   Next: 12%
Magic:  3/3        EV: 11    Int:  6    God:
Gold:   76         SH:  0    Dex: 16    Spells: 3/3 levels left

rFire   . . .        Y - +0 shortbow
rCold   . . .        (shield currently unavailable)
rNeg    . . .        d - +0 ring mail
rPois   .            (helmet restricted)
rElec   .            (no cloak)
rCorr   .            (no gloves)
SInv    .            (no boots)
Will    +....        (no amulet)
Stlth   +            g - ring of willpower
HPRegen 0.26/turn    (no ring)
MPRegen 0.08/turn

%: no passive effects
@: about to teleport
A: horns 2, retaliatory headbutt
a: no special abilities


You were on level 3 of the Dungeon.
You visited 1 branch of the dungeon, and saw 3 of its levels.

You collected 76 gold pieces.


Innate Abilities, Weirdness & Mutations

You have a pair of horns on your head.
You reflexively headbutt those who attack you in melee.


   Skills:
 - Level 3.0 Fighting
 + Level 5.9 Ranged Weapons
 - Level 1.0 Armour
 - Level 2.1 Dodging
 - Level 0.7 Stealth


You had 3 spell levels left.
You didn't know any spells.
Your spell library was empty.

Inventory:

Hand Weapons
 Y - a +0 shortbow (weapon)
Armour
 d - a +0 ring mail (worn)
Jewellery
 g - a ring of willpower (left hand)
Scrolls
 a - a scroll of noise {unknown}
 c - a scroll of teleportation
 f - a scroll of identify
Potions
 b - 2 potions of curing {unknown}
 e - a potion of brilliance {unknown}

Dungeon Overview and Level Annotations

Branches:
Dungeon (3/15)

Altars:
Wu Jian

Annotations:
D:3 Terence


Message History

There is an open door here.
You enter the shallow water.
Moving in this stuff is going to be slow.
There is an open door here.
Found 8 stones.
You see here 8 stones.
An endoplasm comes into view.
Found a ruby potion.
You shoot an arrow. The arrow hits the endoplasm!
You kill the endoplasm!
You hear the slow rusting of a drain nearby.
b - 2 ruby potions (gained 1)
You open the door.
Terence and a hobgoblin come into view.
The hobgoblin shouts!
Terence drinks a potion.
Terence seems to speed up.
Found 8 stones.
Found two stone staircases leading up.
You shoot an arrow. The arrow hits Terence!
Terence is heavily wounded.
You shoot an arrow. The arrow closely misses Terence.
The arrow barely misses the hobgoblin.
You shoot an arrow.
The arrow hits Terence but does no damage.
Terence is heavily wounded.
Terence hits you with a +0 flail.
You shoot an arrow. The arrow hits Terence.
Terence is severely wounded.
Terence hits you with a +0 flail! Terence hits you with a +0 flail.
You shoot an arrow. The arrow hits Terence.
Terence is almost dead.
Terence barely misses you. Terence hits you with a +0 flail!
You shoot an arrow. The arrow barely misses Terence.
The arrow hits the hobgoblin.
You kill the hobgoblin!
Terence barely misses you. Terence hits you with a +0 flail.
1836 ||| READING 2 scrolls of teleportation.
As you read the scroll of teleportation, it crumbles to dust.
You feel strangely unstable. Terence hits you with a +0 flail!
You die...

#.##.##~##
#.##...~.#
#(###..~.# #.#
##.~.# +#
#.######## ...
#.......# ....
##.##.### .....
#.#...####..<...
#.......@@%.(...
#.#...####......
#.##.## .....
#.#### .... #..
.<. +#


You could see Terence (fast).

Vanquished Creatures
  An adder (D:2)
  2 worms
  4 dart slugs
  4 ball pythons
  5 endoplasms
  4 giant cockroaches
  2 goblins
  4 hobgoblins
  4 jackals (D:1)
  4 quokkas
  4 frilled lizards
  7 kobolds
  4 rats
49 creatures vanquished.

Notes
Turn   | Place    | Note
-------+----------+-------------------------------------------
     0 | D:1      | qw the Minotaur Hunter began the quest for the Orb.
     0 | D:1      | Reached XP level 1. HP: 18/18 MP: 0/0
     0 | D:1      | 0 ||| qw: Version: 0.2-a-117-gc6b5c8b
     0 | D:1      | 0 ||| qw: Game counter: 2469
     0 | D:1      | 0 ||| qw: Always use a shield: true
     0 | D:1      | 0 ||| qw: God list: Okawaru
     0 | D:1      | 0 ||| qw: Allow faded altars: false
     0 | D:1      | 0 ||| qw: Do Orc after D:15 true
     0 | D:1      | 0 ||| qw: Do second Lair branch before Depths: true
     0 | D:1      | 0 ||| qw: Lair rune preference: random
     0 | D:1      | 0 ||| qw: Plans: Normal
     0 | D:1      | 0 ||| PLANNING D:1-11
   244 | D:1      | Reached XP level 2. HP: 25/25 MP: 1/1
   254 | D:1      | Reached skill level 5 in Ranged Weapons
   498 | D:1      | Reached skill level 3 in Fighting
   560 | D:1      | Found a faded altar of an unknown god.
   575 | D:1      | Reached XP level 3. HP: 30/31 MP: 2/2
   852 | D:1      | 852 ||| UPGRADING to +0 ring mail.
   862 | D:1      | 862 ||| DROPPING +0 leather armour.
   863 | D:1      | 863 ||| UPGRADING to ring of willpower.
   864 | D:1      | 864 ||| READING scroll labelled QEMISSESER.
   865 | D:1      | 865 ||| READING 3 scrolls labelled LELIECROPP.
   866 | D:1      | 866 ||| READING scroll labelled WEIDGHUQIZIM.
   867 | D:1      | 867 ||| READING scroll labelled QIC ZIUZICSO.
   871 | D:1      | 871 ||| READING 2 scrolls of identify.
   871 | D:1      | 871 ||| IDENTIFYING sedimented grey potion
   872 | D:1      | 872 ||| DROPPING scroll of butterflies.
   873 | D:1      | 873 ||| DROPPING potion of berserk rage.
   921 | D:2      | 921 ||| FLEEEEING.
  1034 | D:2      | Found an ornate altar of the Wu Jian Council.
  1063 | D:2      | Reached skill level 1 in Armour
  1673 | D:2      | 1673 ||| READING scroll labelled HUB WOEBRUDDED.
  1724 | D:3      | 1724 ||| PLANNING SEWER
  1790 | D:3      | Reached XP level 4. HP: 38/38 MP: 3/3
  1829 | D:3      | Noticed Terence
  1835 | D:3      | HP: 8/38 [Terence/+0 flail (6)]
  1836 | D:3      | 1836 ||| READING 2 scrolls of teleportation.
  1836 | D:3      | Slain by Terence

Levels and vault maps discovered:
D:1:      eino_arrival_tree_alley, layout_loops_corners,
          hellmonk_ecumenical_altar_blasted
D:2:      layout_basic, basic_altar, minmay_curled_crystal,
          uniq_crazy_yiuf_cottage
D:3:      layout_loops_corners, mainiacjoe_overflow_tiny_flanked,
          mainiacjoe_overflow_boulevard, gup_sewer_entry_bowl,
          gammafunk_ghost_cemetery, serial_rivers,
          chequers_serial_rivers_micro_b, chequers_serial_rivers_large_a,
          chequers_serial_rivers_micro_a, chequers_serial_rivers_micro_b,
          uniq_terence

Skill      XL: |  1  2  3 |
---------------+----------+-----
Ranged Weapons | 5 |  5.9
Fighting       | 3 |  3.0
Armour         | 1 |  1.0
Dodging        | |  2.1
Stealth        | |  0.7

Action                     |  1- 3 |  4- 6 || total
---------------------------+-------+-------++-------
   Fire: Shortbow          |   120 |    10 ||   130
    Use: Scroll            |     6 |     1 ||     7
 Armour: Leather armour    |     2 |       ||     2
         Ring mail         |     5 |       ||     5
  Dodge: Dodged            |    28 |     2 ||    30

Table legend:
 A = Non-vault XP
 B = Vault XP
 C = Vault XP percentage of total XP
 D = Non-vault monster count
 E = Vault monster count
 F = Vault count percentage of total count
                 A         B        C        D         E       F
            +---------+---------+-------+---------+---------+-------
      Total |      99 |      10 |   9.2 |      45 |       4 |   8.2
            +---------+---------+-------+---------+---------+-------
        D:1 |      47 |       0 |   0.0 |      25 |       0 |   0.0
        D:2 |      44 |       0 |   0.0 |      16 |       0 |   0.0
        D:3 |       8 |      10 |  55.6 |       4 |       4 |  50.0
            +---------+---------+-------+---------+---------+-------
